 Dungeon Crawl Stone Soup version 0.22-a0-571-g4a923d4 (webtiles) character file.

3045 Hebeh the Cleaver (level 9, -12/79 HPs)
             Began as a Minotaur Fighter on July 1, 2018.
             Was an Initiate of Trog.
             Killed by nerve-wracking pain
             ... invoked by a shadow imp
              (13 damage)
             ... on level 8 of the Dungeon.
             The game lasted 00:17:25 (4785 turns).

Hebeh the Cleaver (Minotaur Fighter)                Turns: 4785, Time: 00:17:26

Health: -12/79     AC: 10    Str: 24    XL:     9   Next: 56%
Magic:  10/10      EV:  8    Int:  5    God:    Trog [......]
Gold:   186        SH: 12    Dex: 10    Spells: 8/8 levels left

rFire    . . .     SeeInvis .   i - +6 whip "Ycililon" {holy, +Rage rC+}
rCold    + . .     Gourm    .   c - +1 shield
rNeg     . . .     Faith    .   C - +0 scale mail
rPois    .         Spirit   .   (helmet restricted)
rElec    .         Reflect  .   v - +0 cloak
rCorr    .         Harm     .   h - +0 pair of gloves
MR       .....                  (no boots)
Stlth    ..........             s - amulet of regeneration
HPRegen  0.63/turn              (no ring)
MPRegen  0.12/turn              (no ring)

@: no status effects
A: retaliatory headbutt, horns 2
a: Renounce Religion, Evoke Berserk Rage


You were on level 8 of the Dungeon.
You worshipped Trog.
Trog was noncommittal.
You were not hungry.

You visited 2 branches of the dungeon, and saw 9 of its levels.

You collected 420 gold pieces.
You spent 234 gold pieces at shops.

Inventory:

Hand Weapons
 a - a +0 hand axe of freezing
 b - a +5 flail of protection
 g - a +0 war axe
 i - the +6 whip "Ycililon" (weapon) {holy, +Rage rC+}
   (You found it on level 6 of the Dungeon)

   It has been blessed by the Shining One to cause great damage to the undead
   and demons.
   It protects you from cold.
   It lets you go berserk.
 y - a +1 hand axe of venom
 D - a +1 vampiric hand axe
Armour
 c - a +1 shield (worn)
 h - a +0 pair of gloves (worn)
 v - a +0 cloak (worn)
 C - a +0 scale mail (worn)
Jewellery
 s - an amulet of regeneration (around neck)
Wands
 t - a wand of iceblast (10)
 B - a wand of disintegration (28)
 E - a wand of scattershot (3)
 F - a wand of random effects (6)
 G - a wand of flame (17)
Scrolls
 e - 4 scrolls of remove curse
 l - 3 scrolls of identify
 n - a scroll of blinking
 u - 2 scrolls of enchant armour
Potions
 d - 2 potions of might
 j - a potion of haste {unknown}
 k - 2 potions of berserk rage
 o - 5 potions of curing
 p - a potion of lignification {unknown}
 r - a potion of degeneration {unknown}
 w - a potion of flight {unknown}
 x - 2 potions of brilliance {unknown}
 z - 4 potions of heal wounds
 A - a potion of mutation {unknown}
Comestibles
 f - 15 rations
 q - 6 chunks of flesh


   Skills:
 + Level 7.2 Fighting
 + Level 8.3(8.7) Axes
 + Level 4.0(6.6) Maces & Flails
 + Level 4.9 Throwing
 + Level 7.3 Armour
 + Level 7.3 Shields
 + Level 3.0 Evocations


You had 8 spell levels left.
You didn't know any spells.
Your spell library contained the following spells:

 Spells                   Type           Power        Failure   Level  Hunger
 Fireball                 Conj/Fire      #.........   100%        5    ######.
 Conjure Flame            Conj/Fire      #.......     100%        3    ####...
 Throw Flame              Conj/Fire      #.....       99%         2    ###....
 Sticky Flame             Conj/Fire      #.......     100%        4    #####..
 Regeneration             Chrm/Necr      #.........   100%        3    ####...
 Flame Tongue             Conj/Fire      #....        97%         1    ##.....
 Shroud of Golubria       Chrm/Tloc      #.........   99%         2    ###....
 Inner Flame              Hex/Fire       #.......     100%        3    ####...
 Infusion                 Chrm           #...         97%         1    ##.....
 Song of Slaying          Chrm           #.......     99%         2    ###....
 Spectral Weapon          Hex/Chrm       #.......     100%        3    ####...


Dungeon Overview and Level Annotations

Branches:
Dungeon (8/15)             Temple (1/1) D:5            Lair (0/6) D:8

Altars:
Ashenzari
Cheibriados
Dithmenos
Fedhas
Gozag
Hepliaklqana
Kikubaaqudgha
Makhleb
Nemelex Xobeh
Okawaru
Qazlal
Ru
Sif Muna
Trog
Uskayaw
Vehumet
Wu Jian
Xom
Yredelemnul
Zin
The Shining One

Shops:
D:5 !


Innate Abilities, Weirdness & Mutations

You reflexively headbutt those who attack you in melee.
You have a pair of horns on your head.


Message History

The two-headed ogre is heavily wounded.
You block the orc priest's attack. You block the two-headed ogre's attack.
The two-headed ogre hits you with a giant club.
* * * LOW HITPOINT WARNING * * *
You hit the two-headed ogre but do no damage.
The two-headed ogre is heavily wounded.
You block the orc priest's attack. You block the two-headed ogre's attack.
The two-headed ogre barely misses you.
Your shield prevents you from hitting the two-headed ogre.
The two-headed ogre is heavily wounded.
An adder comes into view.
A phantom comes into view.
The adder hisses angrily.
You whack the two-headed ogre!
The two-headed ogre is severely wounded.
The orc priest mumbles some strange prayers to Beogh against you.
Beogh smites you!
* * * LOW HITPOINT WARNING * * *
The shadow imp gestures at you. Pain shoots through your body!
You die...

..(.≈≈§..#
..(≈≈≈≈.≈.#
..§≈≈..≈≈.## .
..§§§h≈≈≈.. ..
#.§§§h≈≈..####...
#.≈≈≈§≈≈..#.....
#..§≈§≈.....#
#.........)#
#.......O@##
#.......o.#
#........5#
#.........W.
#...##.......
#.#. #%....### #
. ....S.. .
.........


You could see a two-headed ogre, a phantom, 2 hell hounds, an orc priest, an
adder and a shadow imp.

Vanquished Creatures
  Sigmund (D:3)
  Edmund (D:4)
  A sky beast (D:6)
  An orc warrior (D:4)
  2 ice beasts
  2 phantoms
  3 ogres
  A centaur (D:6)
  A big kobold (D:7)
  3 bullfrogs
  5 scorpions
  5 wights (D:7)
  2 howler monkeys
  A bullfrog zombie (D:8)
  3 jellies
  3 hounds
  4 orc priests
  2 centaur skeletons (D:5)
  8 orc wizards
  Ijyb (D:5)
  2 bullfrog skeletons
  Natasha (thrice) (D:3)
  5 worker ants
  A hound zombie (D:7)
  5 adders
  2 shadow imps
  2 oozes
  7 worms
  A dart slug (D:3)
  4 leopard geckos
  30 orcs
  9 bats
  4 giant cockroaches
  7 goblins
  5 hobgoblins
  14 jackals
  2 quokkas
  3 ball pythons
  9 frilled lizards
  11 kobolds
  A leopard gecko zombie (D:6)
  A quokka skeleton (D:6)
  14 rats
192 creatures vanquished.

Notes
Turn   | Place    | Note
-------+----------+-------------------------------------------
     0 | D:1      | Hebeh the Minotaur Fighter began the quest for the Orb.
     0 | D:1      | Reached XP level 1. HP: 19/19 MP: 0/0
   329 | D:1      | Reached XP level 2. HP: 27/27 MP: 1/1
   583 | D:2      | Reached skill level 3 in Axes
   711 | D:2      | Reached XP level 3. HP: 29/33 MP: 2/2
  1082 | D:2      | Found a deep blue altar of Sif Muna.
  1187 | D:3      | Reached XP level 4. HP: 40/40 MP: 3/3
  1258 | D:3      | Found a faded altar of an unknown god.
  1270 | D:3      | Reached skill level 4 in Axes
  1270 | D:3      | Reached skill level 1 in Throwing
  1306 | D:3      | Reached XP level 5. HP: 45/46 MP: 4/4
  1336 | D:3      | Noticed Sigmund
  1342 | D:3      | Noticed Natasha
  1361 | D:3      | Killed Sigmund
  1361 | D:3      | Reached skill level 5 in Axes
  1361 | D:3      | Reached XP level 6. HP: 25/53 MP: 5/5
  1362 | D:3      | Killed Natasha
  1685 | D:3      | Noticed Natasha
  1692 | D:3      | Killed Natasha
  1736 | D:3      | Noticed Natasha
  1742 | D:3      | Killed Natasha
  1781 | D:4      | Noticed Edmund
  1796 | D:4      | Reached skill level 5 in Fighting
  1796 | D:4      | Reached skill level 5 in Armour
  1796 | D:4      | Reached skill level 5 in Shields
  1801 | D:4      | Killed Edmund
  1801 | D:4      | Reached XP level 7. HP: 33/61 MP: 6/6
  1866 | D:4      | Reached skill level 6 in Axes
  2301 | D:4      | Found a burning altar of Makhleb.
  2308 | D:4      | Reached XP level 8. HP: 70/70 MP: 7/7
  2405 | D:4      | Found an ancient bone altar of Kikubaaqudgha.
  2416 | D:4      | Reached skill level 7 in Axes
  2518 | D:5      | Entered Level 5 of the Dungeon
  2614 | D:5      | Found Qes Furgh's Distillery.
  2625 | D:5      | Bought a potion of heal wounds for 65 gold pieces
  2625 | D:5      | Bought 2 potions of heal wounds for 130 gold pieces
  2625 | D:5      | Bought a potion of curing for 39 gold pieces
  2707 | D:5      | Reached skill level 1 in Maces & Flails
  2740 | D:5      | Reached skill level 1 in Evocations
  2794 | D:5      | Noticed Ijyb
  2805 | D:5      | Killed Ijyb
  2974 | D:5      | Found a staircase to the Ecumenical Temple.
  3000 | Temple   | Entered the Ecumenical Temple
  3474 | D:6      | Found an opulent altar of Gozag.
  3847 | D:6      | Reached XP level 9. HP: 78/78 MP: 9/9
  3894 | D:6      | Got an encrusted whip
  4013 | D:6      | Identified the +6 whip "Ycililon" {holy, +Rage rC+} (You found it on level 6 of the Dungeon)
  4187 | D:7      | Found an ornate altar of the Wu Jian Council.
  4191 | D:7      | Reached skill level 8 in Axes
  4437 | D:7      | Found a sparkling altar of Nemelex Xobeh.
  4487 | D:7      | Found a basalt altar of Yredelemnul.
  4487 | D:7      | Found a hide-covered altar of Uskayaw.
  4487 | D:7      | Found a glowing silver altar of Zin.
  4488 | D:7      | Found an iron altar of Okawaru.
  4489 | D:7      | Found a deep blue altar of Sif Muna.
  4492 | D:7      | Found a shattered altar of Ashenzari.
  4550 | D:7      | Noticed a moth of wrath
  4553 | D:7      | Found a bloodstained altar of Trog.
  4591 | D:7      | Became a worshipper of Trog the Wrathful
  4686 | D:8      | Found a staircase to the Lair.
  4700 | D:8      | Noticed a two-headed ogre
  4785 | D:8      | HP: 1/79 [orc priest/divine providence (8)]
  4785 | D:8      | Killed from afar by a shadow imp

Vault maps used:
D:1:      mushboom_english_gardens
D:2:      first_ration, led_sif_pool
D:3:      chequers_ecumenical_altar_twisty, uniq_sigmund, uniq_natasha
D:4:      kennysheep_little_box, makhleb_blood_cavern_becter, uniq_edmund
D:5:      minmay_temple_entry_junction, minmay_shop_grid_forest, st_stairs_5,
          uniq_ijyb
D:6:      kennysheep_six_static_rooms, grunt_gozag_statues
D:7:      minitemple, old_standard_altar, tgw_trog
D:8:      minmay_lair_entry_lava, hangedman_little_slice_of_home
Temple:   compressed_dpeg_circular_temple

Skill      XL: |  1  2  3  4  5  6  7  8  9 |
---------------+----------------------------+-----
Axes           | 3 4 5 6 7 8 |  8.3
Fighting       | 4 5 6 7 |  7.2
Armour         | 4 5 6 7 |  7.3
Shields        | 4 5 6 7 |  7.3
Throwing       | 1 2 3 4 |  4.9
Maces & Flails | 2 4 |  4.0
Evocations     | 2 3 |  3.0

Action                   |  1- 3 |  4- 6 |  7- 9 || total
-------------------------+-------+-------+-------++-------
Melee: War axe           |    29 |       |       ||    29
       Headbutt          |     8 |    16 |    61 ||    85
       Hand axe          |    62 |    93 |    83 ||   238
       Flail             |       |       |   119 ||   119
       Whip              |       |       |   120 ||   120
Throw: Tomahawk          |       |       |     4 ||     4
  Use: Scroll            |       |       |     8 ||     8
  Eat: Chunk             |     1 |     2 |    10 ||    13
Armor: Scale mail        |    45 |    55 |    94 ||   194
Dodge: Dodged            |    28 |    31 |    80 ||   139
Block: Shield            |    38 |    59 |   160 ||   257

Table legend:
 A = Spawn XP
 B = Non-spawn XP
 C = Spawn XP percentage of total XP
 D = Spawn monster count
 E = Non-spawn monster count
 F = Spawn count percentage of total count
 G = Total turns spent on level
                    A         B        C        D         E        F      G
               +---------+---------+-------+---------+---------+-------+---------
         Total |       0 |    4350 |   0.0 |       0 |     192 |   0.0 |  4785
               +---------+---------+-------+---------+---------+-------+---------
           D:1 |       0 |      15 |   0.0 |       0 |      12 |   0.0 |   569
           D:2 |       0 |      57 |   0.0 |       0 |      21 |   0.0 |   564
           D:3 |       0 |     488 |   0.0 |       0 |      40 |   0.0 |   688
           D:4 |       0 |    1011 |   0.0 |       0 |      32 |   0.0 |   697
           D:5 |       0 |     592 |   0.0 |       0 |      20 |   0.0 |   770
           D:6 |       0 |     933 |   0.0 |       0 |      26 |   0.0 |   651
           D:7 |       0 |     996 |   0.0 |       0 |      36 |   0.0 |   719
           D:8 |       0 |     258 |   0.0 |       0 |       5 |   0.0 |    45
               +---------+---------+-------+---------+---------+-------+---------
